AoeStats
← Consultio

Golden Pit

510230128Analyzed
1v1 RM · 2d ago on Sep 30, 2026· 52m 3s· 2 players
Game mode
Random Map
Map size
Tiny (2 player)
Population
200
Speed
Normal
Resources
Standard
Victory
Conquest
Starting age
Dark Age
Ending age
Imperial Age
RankedLock teamsTeams togetherTeam positionsShared explorationLock speedFull tech treeHidden civsTurbo modeCheats
Victory
Defeat
🇦🇷 Poles · Argentina
1268
+18
🇬🇧 Inca · United Kingdom
1306
-18
massi2255
9:20 Loom
11:50 Feudal Age
12:17 Horse Collar
12:27 Double-Bit Axe
21:17 Castle Age
20:20 Stone Mining
20:20 Gold Mining
21:54 Light Cavalry
22:35 Husbandry
23:11 Scale Barding Armor
23:17 Forging
30:56 Wheelbarrow
30:35 Town Watch
38:18 Imperial Age
36:57 Szlachta Privileges
38:47 Hand Cart
39:52 Gold Mining
40:49 Heavy Plow
42:31 Bloodlines
41:42 Cavalier
42:47 Chain Barding Armor
48:44 Conscription
50:26 Crop Rotation
Consultio
10:10 Feudal Age
10:06 Loom
13:01 Champi Runner
14:12 Horse Collar
14:42 Arson
17:10 Fletching
22:40 Castle Age
22:17 Scale Mail Armor
22:47 Crossbowman
23:24 Bodkin Arrow
23:10 Champi Warrior
24:24 Pikeman
25:07 Squires
25:07 Double-Bit Axe
28:29 Pikeman
33:45 Padded Archer Armor
36:45 Leather Archer Armor
36:41 Forging
37:57 Wheelbarrow
38:38 Thumb Ring
42:38 Masonry
42:41 Bow Saw
42:34 Heavy Plow
46:02 Ballistics
50:08 Chain Mail Armor
Connection lost

Rejoining the realm…

Still unreachable

The connection could not be restored.

Session expired

The server has moved on; the page needs a fresh start.